 Dungeon Crawl Stone Soup version 0.18.1-48-g4cf74bf (webtiles) character file.

52726 dricus the Bludgeoner (level 14, 0/133 HPs)
             Began as a Minotaur Berserker on June 28, 2016.
             Was a High Priest of Trog.
             Slain by a guardian serpent (15 damage)
             ... on level 8 of the Lair of Beasts.
             The game lasted 01:09:43 (21066 turns).

dricus the Bludgeoner (Minotaur Berserker)         Turns: 21066, Time: 01:09:44

Health: 0/133      AC: 28    Str: 23    XL:     14   Next: 28%
Magic:  4/4        EV:  8    Int:  5    God:    Trog [*****.]
Gold:   816        SH:  0    Dex: 15    Spells: 0 memorised, 13 levels left

rFire  . . .     SeeInvis .     a - +9 great mace (antimagic)
rCold  . . .     Gourm    .     y - +6 plate armour
rNeg   . . .     Faith    .     (shield currently unavailable)
rPois  .         Spirit   .     (helmet restricted)
rElec  .         Dismiss  .     G - +0 cloak
rCorr  .         Reflect  .     h - +0 pair of gloves
SustAt .         Harm     .     (no boots)
MR     +++..                    (no amulet)
Stlth  ..........               t - +2 ring of dexterity
                                n - +3 ring of protection

@: exhausted, regenerating, slowed, very slow, extremely resistant to hostile
enchantments, extremely unstealthy
A: retaliatory headbutt, horns 2
a: Berserk, Trog's Hand, Brothers in Arms, Burn Spellbooks, Renounce Religion


You were on level 8 of the Lair of Beasts.
You worshipped Trog.
Trog was extremely pleased with you.
You were near starving.

You visited 3 branches of the dungeon, and saw 20 of its levels.

You collected 1120 gold pieces.
You spent 304 gold pieces at shops.

Inventory:

Hand Weapons
 a - a +9 antimagic great mace (weapon)
Armour
 h - a +0 pair of gloves (worn)
 y - a +6 plate armour (worn)
 G - a +0 cloak (worn)
Jewellery
 m - a +3 ring of evasion
 n - a +3 ring of protection (left hand)
 t - a +2 ring of dexterity (right hand)
 C - an uncursed ring of protection from cold
 L - an uncursed ring of protection from magic
Wands
 d - a wand of teleportation (8/9)
 l - a wand of paralysis (15/24)
 u - a wand of digging (11/24)
 E - a wand of hasting (5/9)
 H - a wand of random effects (25/48)
Scrolls
 b - 6 scrolls of teleportation
 g - 5 scrolls of enchant weapon
 i - 3 scrolls of identify
 s - 4 scrolls of remove curse
 x - 2 scrolls of fog
 z - 3 scrolls of blinking
 A - 4 scrolls of magic mapping
Potions
 f - 2 potions of cure mutation
 p - a potion of brilliance
 q - 3 potions of resistance
 v - 2 potions of might
 w - 2 potions of flight
 B - 4 potions of haste
Comestibles
 c - 18 bread rations
 j - 8 royal jellies
 k - 6 beef jerkies
 o - 6 meat rations
 r - 2 slices of pizza
 D - 20 fruits
 J - 18 chunks of flesh


   Skills:
 + Level 14.7 Fighting
 * Level 19.9 Maces & Flails
 + Level 14.6 Armour
 - Level 2.1 Dodging


You had 13 spell levels left.
You didn't know any spells.

Dungeon Overview and Level Annotations

Branches:
Dungeon (11/15)            Temple (1/1) D:7            Lair (8/8) D:11
  Swamp (0/4) Lair:5       Spider (0/4) Lair:3        Slime (0/6) Lair:7
    Orc (0/2) D:9

Altars:
Ashenzari
Cheibriados
Dithmenos
Elyvilon
Fedhas
Gozag
Kikubaaqudgha
Makhleb
Nemelex Xobeh
Okawaru
Pakellas
Qazlal
Ru
Sif Muna
Trog
Vehumet
Xom
Yredelemnul
Zin
The Shining One

Shops:
D:6 !   D:7 :*


Innate Abilities, Weirdness & Mutations

You reflexively headbutt those who attack you in melee.
You have a pair of horns on your head.


Message History

You headbutt the water moccasin!
You kill the water moccasin!
Trog accepts your kill.
The guardian serpent coils itself and waves its upper body at you.
The bolt of poison hits you!
You are poisoned.
* * * LOW HITPOINT WARNING * * *
Drink which item? (? for menu, Esc to quit)
You feel better. The guardian serpent hits you!
* * * LOW HITPOINT WARNING * * *
The guardian serpent barely misses you. You furiously retaliate!
You headbutt the guardian serpent.
The guardian serpent hits you but does no damage.
Drink which item? (? for menu, Esc to quit)
You feel better. The guardian serpent hits you!
* * * LOW HITPOINT WARNING * * *
The guardian serpent hits you but does no damage.
Drink which item? (? for menu, Esc to quit)
You feel better. The guardian serpent hits you!
You die...

P......##............
.......#.....%.......
#..........††......
##......%.........#
#.#..†...........P#
#..#†......[##.P...
#####t#......PP#.#P..
#.#.♣S##......P#.....
#.#..@..###.S......#..
##.♣.<.♣# .#.......# #
##.....# ##P......
#....## ....... ###+.#
.... ... ♣... ....
..♣..


You could see a guardian serpent and a crocodile.

Vanquished Creatures
  The ghost of TBriggs11TB the Fighter, a journeyman DrBe of Trog (Lair:4)
  The ghost of nikopol the Cleaver, a journeyman MiBe of Trog (Lair:6)
  Fannar (Lair:2)
  4 hydras
  A catoblepas (Lair:5)
  A death knight (D:11)
  A centaur warrior (D:11)
  Urug (Lair:3)
  Sonja (D:10)
  3 unseen horrors (D:11)
  Pikel (D:8)
  3 hill giants (D:11)
  A griffon (Lair:5)
  5 oklob plants
  An ugly thing (D:11)
  12 elephants
  6 black mambas
  15 spiny frogs
  2 torpor snails
  2 rime drakes
  2 komodo dragons
  The ghost of Rationalist the Shield-Bearer, an amateur MiFi (D:6)
  A polar bear (Lair:4)
  A troll (D:11)
  Prince Ribbit (D:8)
  Grinder (D:5)
  16 blink frogs
  A redback (Lair:3)
  3 wyverns
  2 wraiths
  A steam dragon (D:11)
  33 yaks
  3 basilisks
  4 hippogriffs
  3 hungry ghosts (D:11)
  A vampire mosquito (Lair:8)
  14 water moccasins
  14 porcupines
  A swamp drake (Lair:8)
  5 orc warriors
  12 ice beasts
  4 sky beasts
  4 wasps
  4 black bears
  3 phantoms
  3 ogres
  11 crocodiles
  8 wolves
  12 centaurs
  4 big kobolds
  11 giant frogs
  4 scorpions
  4 killer bees (D:7)
  A spriggan skeleton (D:11)
  14 wights
  2 electric eels
  A howler monkey (D:5)
  6 crimson imps
  10 jellies
  2 centaur zombies
  A quasit (D:10)
  A giant frog zombie (D:5)
  7 orc wizards
  8 centaur skeletons
  8 hounds
  2 giant frog skeletons (D:11)
  6 orc priests
  5 iguanas
  4 hell rats (Lair:6)
  7 worker ants
  19 sheep
  3 centaur simulacra (D:11)
  4 hound zombies
  3 hound skeletons
  A killer bee simulacrum (D:11)
  A howler monkey zombie (D:7)
  A worker ant zombie (D:10)
  11 gnolls
  A howler monkey skeleton (D:5)
  22 adders
  66 river rats
  2 shadow imps
  5 white imps (D:11)
  A worker ant simulacrum (D:11)
  3 ufetubi (D:11)
  8 oozes (D:6)
  3 adder zombies
  3 worms (D:2)
  3 giant geckos
  57 orcs
  2 ball pythons
  8 bats
  2 giant cockroaches
  35 goblins
  34 hobgoblins
  23 jackals
  20 kobolds
  5 quokkas
  A giant gecko skeleton (D:4)
  3 giant newts
  A jackal zombie (D:7)
  2 quokka skeletons
  A quokka zombie (D:9)
  6 rats
  A fungus (Lair:6)
  3 plants
704 creatures vanquished.

Vanquished Creatures (others)
  2 orc priests (D:8)
  An orc wizard (D:6)
  An orc (D:8)
  17 fungi
  18 plants
39 creatures vanquished.

Grand Total: 743 creatures vanquished

Notes
Turn   | Place    | Note
--------------------------------------------------------------
     0 | D:1      | dricus the Minotaur Berserker began the quest for the Orb.
     0 | D:1      | Reached XP level 1. HP: 19/19 MP: 0/0
    70 | D:1      | Reached skill level 4 in Maces & Flails
   169 | D:1      | Reached XP level 2. HP: 8/27 MP: 1/1
   724 | D:2      | Found a glowing golden altar of the Shining One.
   733 | D:2      | Reached XP level 3. HP: 32/33 MP: 2/2
   806 | D:2      | Reached ** piety under Trog
  1099 | D:2      | You fall through a shaft for 2 floors!
  1132 | D:3      | Found a shattered altar of Ashenzari.
  1291 | D:3      | Reached skill level 5 in Maces & Flails
  1544 | D:2      | Reached XP level 4. HP: 22/40 MP: 3/3
  2046 | D:3      | You fall through a shaft!
  2218 | D:4      | Reached *** piety under Trog
  2226 | D:3      | Found a bloodstained altar of Trog.
  2231 | D:3      | Found an iron altar of Okawaru.
  2270 | D:3      | Reached XP level 5. HP: 46/46 MP: 4/4
  2941 | D:4      | Noticed an ogre
  2948 | D:4      | Killed an ogre
  2948 | D:4      | Reached skill level 6 in Maces & Flails
  3048 | D:4      | Reached XP level 6. HP: 53/53 MP: 5/5
  3360 | D:4      | Reached skill level 5 in Armour
  3489 | D:4      | Reached skill level 5 in Fighting
  3491 | D:4      | Noticed an ice beast
  3517 | D:4      | Killed an ice beast
  3517 | D:4      | Reached skill level 7 in Maces & Flails
  3552 | D:4      | Reached XP level 7. HP: 55/61 MP: 6/6
  3794 | D:4      | Found an opulent altar of Gozag.
  3794 | D:4      | Found a radiant altar of Vehumet.
  3914 | D:5      | Entered Level 5 of the Dungeon
  4248 | D:5      | Reached **** piety under Trog
  4407 | D:5      | Reached skill level 8 in Maces & Flails
  4706 | D:5      | Reached ***** piety under Trog
  4798 | D:5      | Noticed Grinder
  4827 | D:5      | Killed Grinder
  4827 | D:5      | Reached skill level 9 in Maces & Flails
  4827 | D:5      | Reached XP level 8. HP: 67/71 MP: 7/7
  4838 | D:5      | Received a gift from Trog
  5382 | D:6      | Noticed Rationalist's ghost (amateur MiFi)
  5394 | D:6      | Killed Rationalist's ghost
  5461 | D:6      | Reached skill level 10 in Maces & Flails
  5641 | D:6      | Found a sacrificial altar of Ru.
  5773 | D:6      | Found Qawoox's Distillery.
  5780 | D:6      | Bought a potion of resistance for 120 gold pieces
  5780 | D:6      | Bought a potion of curing for 36 gold pieces
  6219 | D:6      | Noticed an oklob plant
  6236 | D:6      | Reached XP level 9. HP: 74/79 MP: 8/8
  6275 | D:6      | Killed an oklob plant
  6275 | D:6      | Reached skill level 11 in Maces & Flails
  6462 | D:7      | Found a glowing silver altar of Zin.
  6465 | D:7      | Received a gift from Trog
  6699 | D:7      | Found Wogeg's Book Shoppe.
  6871 | D:7      | Reached skill level 12 in Maces & Flails
  6927 | D:7      | Found a staircase to the Ecumenical Temple.
  7043 | D:7      | Reached XP level 10. HP: 57/91 MP: 3/9
  7213 | D:7      | Found Mimanumn's Assorted Antiques.
  7219 | D:7      | Bought a potion of curing for 111 gold pieces
  7219 | D:7      | Bought a scroll labeled XUVUFA MYLIB for 37 gold pieces
  7377 | Temple   | Entered the Ecumenical Temple
  7933 | D:8      | Noticed Pikel
  7952 | D:8      | Killed Pikel
  7952 | D:8      | Received a gift from Trog
  7952 | D:8      | Reached skill level 13 in Maces & Flails
  8306 | D:8      | You fall through a shaft for 3 floors!
  8356 | D:11     | Noticed a centaur warrior
  8387 | D:11     | HP: 3/93 [centaur warrior/arrow (13)]
  8389 | D:11     | HP: 1/93 [centaur warrior/arrow (4)]
  8402 | D:11     | Received a gift from Trog
  8411 | D:11     | Killed a centaur warrior
  8411 | D:11     | Reached skill level 10 in Fighting
  8411 | D:11     | Reached skill level 10 in Armour
  8650 | D:11     | Found a labyrinth entrance.
  8677 | D:11     | Noticed a brown ugly thing
  8692 | D:11     | Killed a brown ugly thing
  8692 | D:11     | Reached skill level 14 in Maces & Flails
  8884 | D:11     | Noticed a death knight
  8899 | D:11     | Killed a death knight
  8899 | D:11     | Reached XP level 11. HP: 47/101 MP: 3/10
  9208 | D:11     | Killed an unseen horror
  9239 | D:10     | Entered Level 10 of the Dungeon
  9389 | D:10     | Noticed Sonja
  9410 | D:10     | Killed Sonja
  9725 | D:9      | Reached skill level 15 in Maces & Flails
  9891 | D:9      | Found a staircase to the Orcish Mines.
 10731 | D:8      | Found a basalt altar of Yredelemnul.
 10731 | D:8      | Noticed Prince Ribbit
 10740 | D:8      | Killed Prince Ribbit
 10833 | D:8      | Received a gift from Trog
 10951 | D:8      | Found a shadowy altar of Dithmenos.
 11872 | D:11     | Killed an unseen horror
 11938 | D:11     | Reached skill level 16 in Maces & Flails
 11964 | D:11     | Noticed a hill giant
 11969 | D:11     | Killed a hill giant
 11973 | D:11     | Noticed a hill giant
 11977 | D:11     | Reached XP level 12. HP: 107/111 MP: 3/11
 12004 | D:11     | Found a staircase to the Lair.
 12656 | Lair:1   | Entered Level 1 of the Lair of Beasts
 13072 | Lair:1   | Received a gift from Trog
 13729 | Lair:2   | Found a burning altar of Makhleb.
 13802 | Lair:2   | Noticed Fannar
 13813 | Lair:2   | Killed Fannar
 13813 | Lair:2   | Reached skill level 17 in Maces & Flails
 14966 | Lair:3   | Noticed Urug
 14980 | Lair:3   | Killed Urug
 15203 | Lair:3   | Found a hole to the Spider Nest.
 15223 | Lair:3   | Reached XP level 13. HP: 122/122 MP: 4/12
 15572 | Lair:4   | Reached skill level 18 in Maces & Flails
 15754 | Lair:4   | Noticed TBriggs11TB's ghost (journeyman DrBe)
 15772 | Lair:4   | Killed TBriggs11TB's ghost
 16830 | Lair:5   | Found a staircase to the Swamp.
 16953 | Lair:5   | Received a gift from Trog
 16981 | Lair:5   | Found a shimmering altar of Xom.
 17636 | Lair:6   | Noticed nikopol's ghost (journeyman MiBe)
 17666 | Lair:6   | Killed nikopol's ghost
 17669 | Lair:6   | Reached skill level 19 in Maces & Flails
 19469 | Lair:7   | Reached ****** piety under Trog
 19480 | Lair:7   | Received a gift from Trog
 19708 | Lair:7   | Reached XP level 14. HP: 109/132 MP: 4/13
 20394 | Lair:7   | Found a staircase to the Slime Pits.
 20881 | Lair:7   | Gained mutation: You are frail (-10% HP). [potion of mutation]
 20881 | Lair:7   | Gained mutation: You are occasionally teleported next to monsters. [potion of mutation]
 20881 | Lair:7   | Gained mutation: Your magical capacity is low (-10% MP). [potion of mutation]
 20882 | Lair:7   | Lost mutation: You are frail (-10% HP). [potion of cure mutation]
 20882 | Lair:7   | Lost mutation: Your magical capacity is low (-10% MP). [potion of cure mutation]
 20882 | Lair:7   | Lost mutation: You are occasionally teleported next to monsters. [potion of cure mutation]
 20927 | Lair:8   | Entered Level 8 of the Lair of Beasts
 21063 | Lair:8   | HP: 3/133 [guardian serpent/bolt of poison (16)]
 21064 | Lair:8   | HP: 1/133 [guardian serpent (13)]
 21066 | Lair:8   | Slain by a guardian serpent

Skill      XL: |  1  2  3  4  5  6  7  8  9 10 11 12 13 |
---------------+----------------------------------------+-----
Maces & Flails | 4 5 6 7 9 10 12 14 16 17 19 | 19.9
Armour         | 3 4 5 6 7 9 10 11 13 14 | 14.6
Fighting       | 4 5 6 7 9 10 11 13 14 | 14.7
Dodging        | |  2.1

Action                   |  1- 3 |  4- 6 |  7- 9 | 10-12 | 13-15 || total
-------------------------+-------+-------+-------+-------+-------++-------
Melee: Mace              |    73 |   122 |       |       |       ||   195
       Headbutt          |     8 |    30 |    67 |   124 |   114 ||   343
       Morningstar       |       |    17 |   308 |       |       ||   325
       Flail             |       |    11 |       |       |       ||    11
       Great mace        |       |       |    73 |   616 |   509 ||  1198
Invok: Berserk           |     1 |     1 |       |     3 |     2 ||     7
       Trog's Hand       |       |       |     1 |     6 |     2 ||     9
       Burn Spellbooks   |       |       |       |     2 |     3 ||     5
  Use: Potion            |     1 |       |       |     5 |     7 ||    13
       Scroll            |       |       |       |    29 |     5 ||    34
 Stab: Distracted        |       |       |       |     1 |       ||     1
  Eat: Chunk             |     3 |     7 |    12 |    27 |    19 ||    68
       Pizza             |       |       |       |     1 |       ||     1
       Meat ration       |       |       |       |     1 |       ||     1
       Fruit             |       |       |       |     1 |       ||     1
Armor: Animal skin       |    19 |     4 |       |       |       ||    23
       Chain mail        |       |    54 |   224 |   238 |       ||   516
       Plate armour      |       |       |       |   234 |   430 ||   664
Dodge: Dodged            |    59 |    64 |   196 |   284 |   220 ||   823
